 Dungeon Crawl Stone Soup version 0.30-a0-948-g4fa250aae5 (webtiles) character file.

Game seed: 11980670307785047669

185971 mandarbmax the Slicer (level 18, -4/90 HPs)
             Began as a Vine Stalker Fighter on Mar 26, 2023.
             Was the Champion of Hepliaklqana.
             Slain by Mara (illusionary)
             ... wielding a +2 demon blade of flaming
              (6 damage)
             ... on level 4 of the Snake Pit.
             The game lasted 01:57:36 (25275 turns).

mandarbmax the Slicer (Vine Stalker Fighter)       Turns: 25275, Time: 01:57:36

Health: -4/90      AC: 36    Str: 18    XL:     18   Next: 46%
Magic:  0/28       EV: 21    Int:  8    God:    Hepliaklqana [******]
Gold:   2067       SH: 16    Dex: 28    Spells: 17/17 levels left

rFire   . . .      SeeInvis +    X - +7 quick blade of Qaat {spect, Will- Dex+5}
rCold   + . .      Faith    .    T - +2 buckler
rNeg    . . .      Spirit   +    E - +5 chain mail "Aloibb" {rC+ Will+ Dex+2}
rPois   .          Reflect  +    i - +2 helmet {SInv}
rElec   .          Rampage  .    x - +2 cloak {Will+}
rCorr   .                        I - +1 pair of gloves
Will    ++++.                    s - +2 pair of boots
Stlth   ++                       g - amulet of reflection
HPRegen 1.15/turn                Z - +5 ring of evasion
MPRegen 0.21/turn                L - +4 ring of protection

@: no status effects
A: reduced essence, fangs 3, regeneration 1, magic shield, antimagic bite, no
potion heal 2, hooves 1, iridescent scales 1, clumsy 1, strong-willed 1
a: Renounce Religion, Recall Ancestor, Ancestor Identity, Transference, Idealise


You were on level 4 of the Snake Pit.
You worshipped Hepliaklqana.
Hepliaklqana was exalted by your worship.
You visited 5 branches of the dungeon, and saw 27 of its levels.
You visited 1 bazaar.
You also visited: Sewer, Bailey and Ice Cave.

You collected 3545 gold pieces.
You spent 1478 gold pieces at shops.

Inventory:

Hand Weapons
 X - the +7 quick blade of Qaat (weapon) {spect, Will- Dex+5}
   (You acquired it on level 14 of the Dungeon)

   Dex:       It affects your dexterity (+5).
   Will:      It decreases your willpower.
Missiles
 F - 2 throwing nets (quivered)
Armour
 i - a +2 helmet of see invisible (worn)
 s - a +2 pair of boots (worn)
 x - a +2 cloak of willpower (worn)
 E - the +5 chain mail "Aloibb" (worn) {rC+ Will+ Dex+2}
   (You found it on level 6 of the Dungeon)

   Dex:       It affects your dexterity (+2).
   rC:        It protects you from cold.
   Will:      It increases your willpower.
 I - a +1 pair of gloves (worn)
 T - a +2 buckler (worn)
Jewellery
 g - an amulet of reflection (around neck)
 n - a ring of protection from fire
 o - a ring of willpower
 L - a +4 ring of protection (right hand)
 S - a +6 ring of dexterity
 Y - a ring of see invisible
 Z - a +5 ring of evasion (left hand)
Wands
 a - a wand of quicksilver (3)
 y - a wand of digging (6)
 z - a wand of polymorph (16)
 N - a wand of charming (36)
 Q - a wand of flame (61)
 V - a wand of mindburst (20)
 W - a wand of roots (12)
Scrolls
 f - 8 scrolls of poison
 j - 10 scrolls of teleportation
 l - 2 scrolls of silence
 B - 2 scrolls of blinking
 C - a scroll of fear
 D - 5 scrolls of magic mapping
 G - 2 scrolls of vulnerability
 H - 2 scrolls of immolation
 M - 2 scrolls of enchant weapon
 O - 4 scrolls of fog
 P - a scroll of summoning
Potions
 d - 5 potions of curing
 h - 4 potions of cancellation
 k - 5 potions of mutation
 m - 6 potions of lignification
 p - 7 potions of magic
 r - 7 potions of haste
 t - 5 potions of resistance
 u - 8 potions of brilliance
 v - a potion of invisibility
 w - 3 potions of flight
 J - 3 potions of ambrosia
 K - 2 potions of berserk rage
 R - 2 potions of might
Miscellaneous
 b - a phantom mirror
 c - a condenser vane
 A - a lightning rod (4/4)
 U - a box of beasts


   Skills:
 - Level 13.0 Fighting
 - Level 13.0 Short Blades
 + Level 11.1 Armour
 + Level 11.1 Dodging
 - Level 11.0 Stealth
 + Level 11.1 Shields
 - Level 12.0 Invocations
 - Level 8.0 Evocations


You had 17 spell levels left.
You didn't know any spells.
Your spell library contained the following spells:

 Spells                   Type           Power      Damage    Failure   Level
 Magic Dart               Conj           0%         1d3       99%         1
 Necrotise                Necr           0%         1d4       99%         1
 Blink                    Tloc           0%         N/A       99%         2
 Ensorcelled Hibernation  Hex/Ice        0%         N/A       99%         2
 Lesser Beckoning         Tloc           0%         N/A       99%         2
 Momentum Strike          Conj/Tloc      0%         3d8       99%         2
 Searing Ray              Conj           0%         2d4       99%         2
 Sublimation of Blood     Necr           0%         N/A       99%         2
 Gell's Gravitas          Tloc           0%         N/A       100%        3
 Hailstorm                Conj/Ice       0%         3d3       100%        3
 Ignite Poison            Fire/Tmut/Pois 0%         N/A       100%        3
 Kindle Blastsparks       Fire/Tloc/Air  0%         2d10      100%        3
 Teleport Other           Tloc           0%         N/A       100%        3
 Tukima's Dance           Hex            0%         N/A       100%        3
 Vampiric Draining        Necr           0%         2d6       100%        3
 Airstrike                Air            0%         2d(0-16)  100%        4
 Fulminant Prism          Conj/Hex       0%         3d5       100%        4
 Ice Form                 Ice/Tmut       0%         N/A       100%        4
 Leda's Liquefaction      Hex/Erth       0%         N/A       100%        4
 Passage of Golubria      Tloc           0%         N/A       100%        4
 Petrify                  Tmut/Erth      0%         N/A       100%        4
 Summon Lightning Spire   Summ/Air       0%         N/A       100%        4
 Agony                    Necr           0%         N/A       100%        5
 Alistair's Intoxication  Tmut/Pois      0%         N/A       100%        5
 Borgnjor's Vile Clutch   Necr/Erth      0%         N/A       100%        5
 Freezing Cloud           Conj/Ice/Air   0%         6-21      100%        5
 Irradiate                Conj/Tmut      0%         3d11      100%        5
 Lee's Rapid Deconstruct  Erth           0%         3d4*      100%        5
 Plasma Beam              Fire/Air       0%         2x1d11    100%        5
 Yara's Violent Unravell  Hex/Tmut       0%         3d3       100%        5
 Eringya's Noxious Bog    Tmut/Pois      0%         N/A       100%        6
 Simulacrum               Ice/Necr       0%         N/A       100%        6
 Statue Form              Tmut/Erth      0%         N/A       100%        6
 Malign Gateway           Summ/Tloc      0%         N/A       100%        7
 Ignition                 Fire           0%         3d3       100%        8
 Summon Horrible Things   Summ           0%         N/A       100%        8


Dungeon Overview and Level Annotations

Branches:
Dungeon (15/15)            Temple (1/1) D:4            Lair (5/5) D:10
 Shoals (0/4) Lair:3        Snake (4/4) Lair:3        Slime (0/5) Lair:5
    Orc (2/2) D:10            Elf (0/3) Orc:2        Vaults (0/5) D:14
 Depths (0/4) D:15          Sewer (visited)          Bailey (visited)
  IceCv (visited)

Altars:
Ashenzari
Cheibriados
Dithmenos
Elyvilon
Fedhas
Gozag
Hepliaklqana
Kikubaaqudgha
Makhleb
Nemelex Xobeh
Okawaru
Qazlal
Ru
Sif Muna
Trog
Uskayaw
Vehumet
Wu Jian
Xom
Yredelemnul
Zin
The Shining One
Jiyva

Shops:
D:1 ?   D:9 *   D:13 *   Orc:1 (*[(   Orc:2 [([!(   Snake:4 (

Portals:
Trove: D:15 (give +6 demon blade)

Annotations:
D:3 1 runed translucent door
Lair:5 exclusion: 2 oklob plants
Snake:4 Mara


Innate Abilities, Weirdness & Mutations

Your life essence is reduced to manifest your ancestor. (-10% HP)
You have razor-sharp teeth.
Your natural rate of healing is unusually fast.
When hurt, damage is shared between your health and your magic reserves.
Your bite disrupts and absorbs the magic of your enemies.
Potions cannot restore your health.
You have large cloven feet.
You are partially covered in iridescent scales. (AC +2)
You are clumsy. (Dex -2)
You are strong-willed. (Will+)


Message History

Wystan hits Mara but does no damage.
Unknown command.
You hit Mara but do no damage. You bite Mara.
Mara's magic leaks into the air.
You drain his magic.
Mara is almost dead.
Your +7 quick blade of Qaat {spect, Will- Dex+5} misses Mara.
You feel sick.
You are no longer poisoned.
Mara growls.
Mara closely misses you. Mara misses you. You block Mara's attack.
You miss Mara. You bite Mara, but do no damage.
Mara is almost dead.
Your +7 quick blade of Qaat {spect, Will- Dex+5} hits Mara but does no damage.
Wystan hits Mara with a +0 dagger of draining!
Unknown command.
You hit Mara but do no damage.
Mara is almost dead.
Your +7 quick blade of Qaat {spect, Will- Dex+5} misses Mara.
Unknown command.
You hit Mara.
Mara is lightly wounded.
Wystan casts a spell at Mara.
Mara resists with almost no effort.
Unknown command.
You hit Mara but do no damage. You bite Mara, but do no damage.
Mara is almost dead.
Your +7 quick blade of Qaat {spect, Will- Dex+5} hits Mara.
Mara hits you with a +2 demon blade of flaming!
* * * LOW HITPOINT WARNING * * *
Mara burns you.
* * * LOW HITPOINT WARNING * * *
Mara hits your +7 quick blade of Qaat {spect, Will- Dex+5} with a +2 demon blade of flaming!!
Your spectral weapon shares its damage with you!
Mara burns your +7 quick blade of Qaat {spect, Will- Dex+5}.
Your +7 quick blade of Qaat {spect, Will- Dex+5} fades away.
* * * LOW HITPOINT WARNING * * *
Mara hits you with a +2 demon blade of flaming!
* * * LOW HITPOINT WARNING * * *
Mara burns you!
You die...

.#.....# #....##..§§≈≈≈§≈≈≈§§§§.#
...#...###!..##...≈≈§≈§§§≈≈≈≈≈...
..#######...##...≈≈§########§≈§.§
#.# #...##..≈≈≈###...,,,###≈§≈
#.# ###..##..≈≈≈##.....,,,,,##≈≈
..####...##..≈≈≈##......,,,,,,##≈
#...##..##..≈§§##....#*****,,,,##
.##.##.##.)≈≈≈##R§.#**,,,,***,,,#
.##....#...≈≈##R@.#*,,,,,,,,**,,,
...#...#....≈#)RR##,,~~~~~~,,**,,
#......#...§§')..#,,,~~~~~~~,,*,,
..#.#..###########,~~~~~~~~~~,**+
###.....#**,,,***,,~~~~~~~~~~,,**
# ####..#*,,,,,**,~~~~~~~~~~~~,*,
#..#,,,,,,,+,~~~~~~~~~~~~,+,
##.#,,,,,,,+,~~~~~~~~~~~~,*,
#.#,,,,,,,+,~~~~~~~~~~~~,**


You could see the friendly Wystan the hexer and 3 Maras.

Vanquished Creatures
  Vashnia (Snake:2)
  Rupert (D:13)
  Gastronok (D:10)
  Kirke (Snake:4)
  2 azure jellies (IceCv)
  A nagaraja (Snake:4)
  Roxanne (D:15)
  An orc warlord (Bailey)
  5 quicksilver oozes (IceCv)
  A fire dragon (D:14)
  2 vault guards (D:14)
  Erolcha (D:12)
  A catoblepas (Lair:5)
  5 hydras
  8 anacondas
  3 salamander tyrants
  Erica (Lair:1)
  3 boulder beetles
  2 centaur warriors (D:13)
  6 two-headed ogres
  6 death yaks (Lair:5)
  13 naga warriors
  A deep troll shaman (Lair:5)
  Urug (Lair:5)
  An orc high priest (Orc:2)
  9 shock serpents
  7 naga sharpshooters
  A skyshark (Lair:5)
  6 skeletal warriors
  4 naga ritualists
  3 salamander mystics
  4 sea snakes (Snake:2)
  An orange crystal statue (IceCv)
  3 lindwurms
  An orc knight (Orc:1)
  4 wizards
  2 necromancers
  6 deep elf pyromancers
  6 mana vipers
  3 orc sorcerers (Orc:2)
  19 salamanders
  2 manticores
  3 cyclopes
  6 ugly things
  Maurice (D:13)
  A centaur zombie (D:15)
  34 black mambas
  22 naga magi
  8 elephants
  28 slime creatures
  5 guardian serpents
  A centaur skeleton (D:15)
  A gargoyle (D:10)
  7 cane toads
  2 efreet
  2 redback zombies (D:15)
  3 unseen horrors
  A freezing wraith (D:15)
  A yaktaur (D:14)
  2 rime drakes
  4 komodo dragons
  A tengu conjurer (D:15)
  2 polar bears
  7 trolls
  2 wolf spider simulacra (D:15)
  Grinder (Sewer)
  3 blink frogs (Lair:5)
  4 dream sheep (Lair:5)
  A shadow (D:11)
  3 wraiths
  3 water elementals
  3 hogs (Snake:4)
  3 vampires (D:11)
  3 wyverns
  13 humans (D:14)
  21 yaks
  Grum (Lair:1)
  5 basilisks
  12 vampire mosquitoes
  A warg (Orc:1)
  An acid dragon (D:10)
  47 nagas
  11 water moccasins
  2 ice beasts
  22 orc warriors
  3 black bears
  5 great orb of eyes simulacra (IceCv)
  6 ogres
  4 sky beasts
  11 wolves
  3 phantoms
  4 slime creature simulacra (IceCv)
  A kobold brigand (D:7)
  The ghost of Nabski the Firebug, an amateur TeFE (D:3)
  10 bullfrogs
  Blork the orc (D:4)
  3 glowing shapeshifter simulacra (IceCv)
  3 scorpions
  2 gnoll sergeants
  11 wights
  7 killer bees
  4 electric eels
  8 howler monkeys
  23 orc priests
  3 jellies
  3 gnoll boudas
  3 hounds
  4 iguanas
  Crazy Yiuf (D:4)
  Natasha (D:3)
  30 orc wizards
  Robin (D:4)
  18 gnolls
  7 adders
  2 shadow imps
  6 ufetubi (Sewer)
  3 worms (D:3)
  A dart slug (D:1)
  50 orcs
  10 ball pythons
  7 endoplasms
  5 giant cockroaches
  21 goblins
  12 hobgoblins
  5 quokkas
  2 bats
  3 frilled lizards
  A giant cockroach zombie (Sewer)
  33 kobolds
  A kobold zombie (Sewer)
  6 rats
803 creatures vanquished.

Vanquished Creatures (collateral kills)
  Saint Roka (Snake:4)
  The ghost of Vunelunn the Convoker, an adept TeSu of Gozag (Snake:2)
  A rockslime (IceCv)
  A nagaraja (Snake:3)
  A quicksilver ooze (IceCv)
  Snorg (D:11)
  A hydra (Lair:5)
  A death yak (Lair:5)
  A two-headed ogre (D:11)
  A boulder beetle (D:15)
  5 naga sharpshooters
  A shock serpent (Snake:3)
  A deep elf knight (D:14)
  A skyshark (Lair:4)
  A salamander mystic (Snake:4)
  A lindwurm (Snake:4)
  A naga ritualist (Snake:1)
  A cyclops (D:11)
  A salamander (Snake:1)
  2 orc sorcerers (Orc:2)
  5 black mambas
  2 elephants (Lair:5)
  A naga mage (Snake:4)
  A cane toad (Lair:1)
  2 kobold demonologists (D:10)
  An efreet (D:13)
  2 unseen horrors (D:11)
  2 komodo dragons
  A yaktaur (D:14)
  3 trolls (D:10)
  A blink frog (Lair:5)
  A centaur simulacrum (D:15)
  2 slime creatures (D:14)
  A shadow (D:11)
  2 water elementals (D:10)
  8 yaks
  4 humans (D:14)
  A wyvern (Lair:5)
  A vampire mosquito (D:8)
  4 nagas
  3 water moccasins (Lair:3)
  4 orc warriors
  An ogre (Orc:1)
  2 wolves (Lair:5)
  A kobold brigand (D:8)
  2 bullfrogs (Lair:3)
  A wight (D:8)
  3 killer bees
  A howler monkey (D:9)
  4 orc priests
  A jelly (D:6)
  5 orc wizards
  7 gnolls
  A white imp (D:6)
  11 orcs
  A goblin (D:9)
  9 kobolds
  2 butterflies (Lair:1)
129 creatures vanquished.

Vanquished Creatures (others)
  2 humans (Snake:4)
  12 hexers
  An orc wizard (D:9)
  An orc (Orc:2)
  16 fungi
  31 plants
63 creatures vanquished.

Grand Total: 995 creatures vanquished

Notes
Turn   | Place    | Note
-------+----------+-------------------------------------------
     0 | D:1      | mandarbmax the Vine Stalker Fighter began the quest for the
                  | Orb.
     0 | D:1      | Reached XP level 1. HP: 11/11 MP: 2/2
    92 | D:1      | Reached XP level 2. HP: 15/16 MP: 3/3
   417 | D:1      | Found Zobbu's Magic Scroll Boutique.
   432 | D:1      | Bought a scroll of poison for 40 gold pieces
   820 | D:1      | Reached XP level 3. HP: 20/20 MP: 4/4
  1281 | D:2      | Found a faded altar of an unknown god.
  1401 | D:2      | Gained mutation: Your natural rate of healing is unusually
                  | fast. [Vine Stalker growth]
  1401 | D:2      | Reached XP level 4. HP: 24/24 MP: 5/5
  1777 | D:3      | Noticed a phantom
  1804 | D:3      | Killed a phantom
  1805 | D:3      | Reached XP level 5. HP: 26/28 MP: 6/6
  1981 | D:3      | Found a runed translucent door.
  2024 | D:3      | Noticed Nabski's ghost (amateur TeFE)
  2036 | D:3      | Killed Nabski's ghost
  2041 | D:3      | Reached XP level 6. HP: 27/32 MP: 5/7
  2057 | D:3      | Found a runed translucent door.
  2105 | D:3      | Noticed Natasha
  2111 | D:3      | Killed Natasha
  2112 | D:3      | Reached skill level 5 in Short Blades
  2419 | D:4      | Found a glowing drain.
  2466 | Sewer    | Entered a sewer
  2587 | Sewer    | Found an ancient bone altar of Kikubaaqudgha.
  2597 | Sewer    | Gained mutation: You occasionally shout uncontrollably at
                  | your foes. [potion of mutation]
  2597 | Sewer    | Gained mutation: You are covered in fur. (AC +1) [potion of
                  | mutation]
  2614 | Sewer    | Noticed Grinder
  2627 | Sewer    | Paralysed by Grinder for 2 turns
  2637 | Sewer    | Killed Grinder
  2638 | Sewer    | Reached XP level 7. HP: 10/36 MP: 3/8
  3029 | D:4      | Found a staircase to the Ecumenical Temple.
  3062 | D:4      | Found a runed translucent door.
  3062 | D:4      | Noticed Crazy Yiuf
  3068 | D:4      | Killed Crazy Yiuf
  3108 | Temple   | Entered the Ecumenical Temple
  3181 | Temple   | Became a worshipper of Hepliaklqana the Forgotten
  3306 | D:4      | Noticed Blork the orc
  3320 | D:4      | Killed Blork the orc
  3321 | D:4      | Gained mutation: You have razor-sharp teeth. [Vine Stalker
                  | growth]
  3321 | D:4      | Reached XP level 8. HP: 19/40 MP: 6/9
  3361 | D:4      | Noticed Robin
  3397 | D:4      | Killed Robin
  3553 | D:5      | Entered Level 5 of the Dungeon
  3747 | D:5      | Noticed a two-headed ogre
  3757 | D:5      | Killed a two-headed ogre
  3758 | D:5      | Reached skill level 10 in Short Blades
  3758 | D:5      | Reached XP level 9. HP: 33/44 MP: 10/10
  3843 | D:5      | Identified the +5 ring mail of Gofeiket {rC+ Int-3 Dex+7
                  | Slay-2}
  3941 | D:5      | Reached * piety under Hepliaklqana
  4313 | D:6      | Found an iron altar of Okawaru.
  4330 | D:6      | Identified the +5 chain mail "Aloibb" {rC+ Will+ Dex+2}
  4460 | D:6      | Reached skill level 1 in Dodging
  5158 | D:7      | Reached ** piety under Hepliaklqana
  5173 | D:7      | Reached XP level 10. HP: 38/44 MP: 8/11
  5183 | D:7      | Reached skill level 5 in Armour
  5713 | D:8      | Noticed a two-headed ogre
  5722 | D:8      | Killed a two-headed ogre
  5750 | D:8      | Reached skill level 5 in Dodging
  5753 | D:8      | Remembered your ancestor Wystan as a hexer
  5825 | D:8      | Got the Notes on Combustion and Doom
  6128 | D:8      | Reached *** piety under Hepliaklqana
  6347 | D:9      | Noticed a manticore
  6359 | D:9      | Killed a manticore
  6381 | D:9      | Found Ozehoa's Assorted Antiques.
  6392 | D:9      | Bought a scroll of blinking for 195 gold pieces
  6478 | D:9      | Found a flagged portal.
  6489 | Bailey   | Entered a bailey
  6505 | Bailey   | Noticed an orc warlord
  6561 | Bailey   | Found a runed translucent gate.
  6561 | Bailey   | Found a runed translucent gate.
  6561 | Bailey   | Found a runed translucent gate.
  6744 | Bailey   | Identified the +1 rapier of Upheaval {antimagic, Fly rN+}
  6837 | Bailey   | Killed an orc warlord
  6838 | Bailey   | Reached XP level 11. HP: 44/46 MP: 12/12
  6839 | Bailey   | Reached XP level 12. HP: 49/50 MP: 12/19
  6840 | Bailey   | Reached skill level 10 in Stealth
  6840 | Bailey   | Reached XP level 13. HP: 54/54 MP: 12/20
  6947 | D:9      | Found an ancient bone altar of Kikubaaqudgha.
  7168 | D:9      | Found an ornate altar of the Wu Jian Council.
  7339 | D:9      | Identified the +1 robe of Inevitability {rF- Will+ Int+4
                  | Dex+2}
  7413 | D:10     | Entered Level 10 of the Dungeon
  7417 | D:10     | Found a staircase to the Orcish Mines.
  7467 | D:10     | Found a basalt altar of Yredelemnul.
  7469 | D:10     | Found a sacrificial altar of Ru.
  7569 | D:10     | Found a staircase to the Lair.
  7639 | D:10     | Reached **** piety under Hepliaklqana
  8065 | D:10     | Reached skill level 5 in Fighting
  8737 | D:11     | Found a flickering gateway to a bazaar.
  8942 | D:11     | Noticed Snorg
  8952 | D:11     | Killed Snorg
  9068 | D:11     | Reached ***** piety under Hepliaklqana
  9393 | Bazaar   | Entered a bazaar
  9414 | Bazaar   | Found Wiuss's Distillery.
  9430 | Bazaar   | Found Ramonu Yruyr's Distillery.
  9430 | Bazaar   | Found Fuat's Weapon Shoppe.
  9453 | Bazaar   | Found Pugisap's Weapon Emporium.
  9453 | Bazaar   | Found Noytuof's Weapon Shoppe.
  9475 | Bazaar   | Found Puit Equ's Book Emporium.
  9535 | Bazaar   | Bought a +1 rapier of speed for 133 gold pieces
  9550 | Bazaar   | Bought a potion of berserk rage for 55 gold pieces
  9564 | Bazaar   | Bought a potion of magic for 104 gold pieces
  9564 | Bazaar   | Bought a potion of cancellation for 104 gold pieces
  9564 | Bazaar   | Bought a potion of flight for 39 gold pieces
  9564 | Bazaar   | Bought a potion of resistance for 130 gold pieces
  9578 | Bazaar   | Bought a potion of resistance for 110 gold pieces
  9578 | Bazaar   | Bought a potion of cancellation for 88 gold pieces
  9717 | Lair:1   | Entered Level 1 of the Lair of Beasts
  9717 | Lair:1   | Noticed Gastronok
  9717 | Lair:1   | Noticed Grum
  9735 | D:10     | Killed Gastronok
  9779 | Lair:1   | Killed Grum
  9909 | Lair:1   | Reached XP level 14. HP: 64/64 MP: 21/21
 10036 | Lair:1   | Noticed Erica
 10046 | Lair:1   | Killed Erica
 11379 | Lair:3   | Found a staircase to the Snake Pit.
 11806 | Lair:3   | Found a staircase to the Shoals.
 12216 | Lair:4   | Reached ****** piety under Hepliaklqana
 12850 | Lair:5   | Entered Level 5 of the Lair of Beasts
 13328 | Lair:5   | Reached skill level 10 in Fighting
 13361 | Lair:5   | Identified the +2 war axe "Undertaker" {freeze, *Corrode
                  | rF+ Dex+5}
 13372 | Lair:5   | Identified the +1 sling "Bingo" {antimagic, rN++}
 13498 | Lair:5   | Reached XP level 15. HP: 38/72 MP: 22/22
 13643 | Lair:5   | Reached skill level 10 in Armour
 14049 | Lair:5   | Noticed Urug
 14062 | Lair:5   | Killed Urug
 14223 | Lair:5   | Found a viscous altar of Jiyva.
 14227 | Lair:5   | Found a staircase to the Slime Pits.
 14374 | Orc:1    | Entered Level 1 of the Orcish Mines
 14374 | Orc:1    | Found Riesm's Armour Boutique.
 14468 | Orc:1    | Found Nukh's Antique Weapon Boutique.
 14602 | Orc:1    | Found Raecun's General Store.
 14640 | Orc:1    | Found Lelludysch's Antique Weapon Shop.
 14820 | Orc:2    | Entered Level 2 of the Orcish Mines
 14978 | Orc:2    | Found a staircase to the Elven Halls.
 14984 | Orc:2    | Found Jeriguz's Antique Armour Boutique.
 15255 | Orc:2    | Reached skill level 1 in Evocations
 15354 | Orc:2    | Found Pearicul's Distillery.
 15354 | Orc:2    | Found Mahinkuf's Weapon Shop.
 15359 | Orc:2    | Found Vihucw's Antique Armour Boutique.
 15362 | Orc:2    | Found Vinatuoch's Antique Weapon Boutique.
 15395 | Orc:2    | Bought a transparent scale mail for 270 gold pieces
 15395 | Orc:2    | Identified the +0 scale mail "Oplong" {-Tele Str+4 Stlth+}
                  | (You bought it in a shop on level 2 of the Orcish Mines)
 15396 | Orc:2    | Bought a spiked leather armour for 210 gold pieces
 15396 | Orc:2    | Identified the +1 leather armour of Isuguall {rElec rC++}
                  | (You bought it in a shop on level 2 of the Orcish Mines)
 16595 | D:12     | Noticed Erolcha
 16597 | D:12     | Killed Erolcha
 16642 | D:13     | Reached skill level 10 in Dodging
 16672 | D:13     | Found Upsirary's Assorted Antiques.
 16859 | D:13     | Reached skill level 5 in Shields
 16859 | D:13     | Noticed Maurice
 16896 | D:13     | Killed Maurice
 17068 | D:13     | Noticed Rupert
 17081 | D:13     | Killed Rupert
 17704 | D:14     | Found a gate to the Vaults.
 17785 | D:14     | Reached XP level 16. HP: 44/76 MP: 23/23
 17859 | D:14     | Identified a scroll of acquirement
 17860 | D:14     | Acquired the +7 quick blade of Qaat {spect, Will- Dex+5}
 18029 | D:14     | Reached skill level 5 in Evocations
 18668 | D:15     | Entered Level 15 of the Dungeon
 18995 | D:15     | Noticed Roxanne
 19028 | D:15     | Killed Roxanne
 19059 | D:15     | Found a portal to a secret trove of treasure.
 19404 | D:15     | Found a basalt altar of Yredelemnul.
 19491 | D:15     | Found a staircase to the Depths.
 19751 | Snake:1  | Entered Level 1 of the Snake Pit
 20736 | Snake:1  | You fall into a shaft and drop 1 floor!
 20961 | Snake:2  | Found a large runed translucent door.
 20961 | Snake:2  | Found a large runed translucent door.
 20965 | Snake:2  | Noticed Vunelunn's ghost (adept TeSu)
 20999 | Snake:2  | Killed Vunelunn's ghost
 21000 | Snake:2  | Reached XP level 17. HP: 63/83 MP: 24/24
 21217 | Snake:2  | Noticed Vashnia
 21356 | Snake:2  | Killed Vashnia
 22257 | Snake:3  | Reached skill level 10 in Invocations
 23129 | Snake:3  | Found a runed translucent door.
 23320 | Snake:3  | Identified the +6 short sword of Welfare {flame, rCorr}
 23688 | Snake:4  | Entered Level 4 of the Snake Pit
 23859 | Snake:4  | Found Annyomigo's Firing Range.
 23870 | Snake:4  | Found a frozen archway.
 23889 | IceCv    | Entered an ice cave
 24042 | IceCv    | Found a viscous altar of Jiyva.
 24095 | IceCv    | Lost mutation: You are covered in fur. (AC +1) [potion of
                  | mutation]
 24095 | IceCv    | Lost mutation: You occasionally shout uncontrollably at
                  | your foes. [potion of mutation]
 24095 | IceCv    | Gained mutation: You are clumsy. (Dex -2) [potion of
                  | mutation]
 24095 | IceCv    | Gained mutation: You are partially covered in iridescent
                  | scales. (AC +2) [potion of mutation]
 24095 | IceCv    | Gained mutation: You have large cloven feet. [potion of
                  | mutation]
 24095 | IceCv    | Gained mutation: You are strong-willed. (Will+) [potion of
                  | mutation]
 24194 | IceCv    | Reached XP level 18. HP: 89/89 MP: 28/28
 24256 | IceCv    | Identified the +4 shortbow "Waipoc" {flame, Str+5 Int-5
                  | Dex+3}
 24364 | Snake:4  | Found a white marble altar of Elyvilon.
 24492 | Snake:4  | Reached skill level 10 in Shields
 24630 | Snake:4  | Noticed Kirke
 24646 | Snake:4  | Killed Kirke
 24764 | Snake:4  | Noticed Saint Roka
 24780 | Snake:4  | Killed Saint Roka
 25217 | Snake:4  | Noticed Mara
 25275 | Snake:4  | HP: 2/90 [Mara (illusionary)/+2 demon blade of flaming
                  | (10)]
 25275 | Snake:4  | Slain by Mara (illusionary)

Illustrated notes

Levels and vault maps discovered:
D:1:      matt_arrival_grand_opening, layout_basic, serial_shops,
          nicolae_shop_statue_plus, kennysheep_flooded_box,
          wander_ebering_terrifying_dragon_lair
D:2:      layout_loops_cross, hellmonk_ecumenical_altar_crossroads,
          minmay_misc_feat_iff, grunt_ministairs_12
D:3:      layout_basic, ebering_ghost_sewer_f, hex_tiny, uniq_natasha
D:4:      layout_rooms, minmay_temple_entry_mist, portal_sewer_entry_b,
          uniq_blork_the_orc, uniq_crazy_yiuf_cottage, uniq_robin
D:5:      layout_basic
D:6:      layout_gridville, okawaru_trees_1, serial_park_tiny_pond
D:7:      layout_basic
D:8:      minmay_evil_eye, layout_cave_pools, grunt_decor_resistance,
          small_chamber_with_monster, nicolae_titane
D:9:      layout_rooms, kiku_gazebo_pond_becter,
          pdpol_wu_jian_five_deadly_venoms, serial_shops, nicolae_square_shop,
          enter_bailey_3
D:10:     layout_irregular_city, jmf_multi_god_temple, david_lair_shrubbed,
          orc_0_dummy, nicolae_underground_beach
D:11:     minmay_polygon_palace, layout_loops_corners, serial_shops,
          bzr_entry_dummy, nzn_life_drinkers, uniq_snorg
D:12:     layout_loops_corners, uniq_erolcha
D:13:     layout_loops_cross, serial_shops, nicolae_square_shop, uniq_rupert,
          uniq_maurice
D:14:     layout_layer_cave, grunt_vaults_entry_tiered, kennysheep_small_spiral
D:15:     grunt_enter_depths_magical_seal, layout_basic, enter_trove_2,
          minivault_14, lemuel_zombie_altar_yredelemnul, uniq_roxanne
Temple:   nicolae_temple_bog_church
Lair:1:   layout_gridlike, lemuel_fruit_fields, infiniplex_staircase_pool_2,
          grunt_megastairs_4, lemuel_fruit_tree, uniq_erica, uniq_gastronok,
          uniq_grum
Lair:2:   layout_roguey, grunt_megastairs_2
Lair:3:   layout_regular_city, elwin_shoals_entry_rocks,
          minmay_snake_entry_six_corridors
Lair:4:   layout_regular_city
Lair:5:   grunt_lair_end_beastmaster, layout_concentric_octagons,
          minmay_slime_entry_oklob_open, chequers_serial_rivers_micro_c,
          uniq_urug
Snake:1:  layout_onion, guppyfry_library_mini, nicolae_triple_integral,
          uniq_mlioglotl
Snake:2:  layout_basic, ebering_ghost_disaster_area, uniq_vashnia
Snake:3:  layout_onion, lightli_airlock
Snake:4:  snake_pit_salamanders_mu, layout_misc_corridors, basic_altar,
          portal_ice_cave_entry_pillars_three, st_stairs_4,
          nicolae_shop_firing_range, uniq_saint_roka, uniq_kirke, uniq_mara
Orc:1:    layout_caves, serial_shops, nicolae_shop_waterfront, shop, shop,
          shop_statue, david_defended_altar_orc
Orc:2:    st_orc_mages, layout_diamond_mine, serial_shops,
          nicolae_shop_overgrown_old_shop

Skill      XL: |  1  2  3  4  5  6  7  8  9 10 11 12 13 14 15 16 17 18 |
---------------+-------------------------------------------------------+-----
Short Blades   | 2 4 6 7 10 11 12 13 | 13.0
Shields        | 3 5 8 9 11 | 11.1
Fighting       | 3 7 10 12 13 | 13.0
Armour         | 3 4 7 8 9 10 11 | 11.1
Dodging        | 3 6 8 9 10 11 | 11.1
Invocations    | 8 9 12 | 12.0
Stealth        | 10 11 | 11.0
Evocations     | 4 6 8 |  8.0

Action                     |  1- 3 |  4- 6 |  7- 9 | 10-12 | 13-15 | 16-18 || total
---------------------------+-------+-------+-------+-------+-------+-------++-------
  Melee: Rapier            |   117 |   148 |    17 |       |  1379 |    15 ||  1676
         Bite              |    24 |    40 |   103 |    94 |   844 |   688 ||  1793
         Dagger            |       |       |   274 |   255 |   272 |       ||   801
         Short sword       |       |       |       |       |    67 |       ||    67
         Quick blade       |       |       |       |       |       |  1350 ||  1350
 Invoke: Transference      |       |       |       |     1 |       |       ||     1
         Ancestor Life: He |       |       |       |     1 |       |       ||     1
         Recall Ancestor   |       |       |       |       |     1 |     4 ||     5
         Idealise          |       |       |       |       |     1 |     3 ||     4
  Evoke: Condenser vane    |       |       |       |       |     2 |     1 ||     3
         Box of beasts     |       |       |       |       |     2 |       ||     2
         Lightning rod     |       |       |       |       |       |     2 ||     2
         Phantom mirror    |       |       |       |       |       |     1 ||     1
    Use: Potion            |       |     4 |     1 |     7 |     3 |     8 ||    23
         Scroll            |       |       |     7 |     4 |    13 |    14 ||    38
   Stab: Distracted        |       |       |     1 |       |    23 |    61 ||    85
         Sleeping          |       |       |     1 |       |     4 |     2 ||     7
         Confused          |       |       |       |     2 |    44 |    23 ||    69
         Petrified         |       |       |       |       |     3 |       ||     3
         Petrifying        |       |       |       |       |     1 |       ||     1
         Paralysed         |       |       |       |       |    27 |    37 ||    64
         Invisible         |       |       |       |       |     2 |       ||     2
 Armour: Scale mail        |    40 |    56 |    28 |       |       |       ||   124
         Ring mail         |       |       |    20 |    38 |       |       ||    58
         Chain mail        |       |       |       |     9 |   364 |   147 ||   520
  Dodge: Dodged            |    56 |    52 |    60 |    82 |   352 |   308 ||   910
  Block: Buckler           |    40 |    71 |    81 |   108 |   553 |   473 ||  1326
         Reflection        |     2 |     5 |     1 |     6 |    16 |    73 ||   103

Table legend: (Time is in decaauts)
 A = Elapsed time spent in this place.
 B = Non-inter-level travel time spent in this place.
 C = Inter-level travel time spent in this place.
 D = Time resting spent in this place.
 E = Time spent auto-exploring this place.
 F = Levels seen in this place.
 G = Mean time per level.
                   A        B        C        D        E       F      G
               +--------+--------+--------+--------+--------+-----+--------+
         Total |  23256 |  21735 |   1521 |    598 |  15475 |  31 |  750.2 |
       Dungeon |  11984 |  11094 |    890 |      0 |   8912 |  15 |  798.9 |
        Temple |    178 |    157 |     21 |      0 |    142 |   1 |  178.0 |
          Lair |   4235 |   3910 |    325 |     64 |   3023 |   5 |  847.0 |
     Snake Pit |   4435 |   4187 |    248 |    487 |   2412 |   4 | 1108.8 |
  Orcish Mines |   1175 |   1140 |     35 |     13 |    715 |   2 |  587.5 |
        Bazaar |    239 |    239 |      0 |      0 |     95 |   1 |  239.0 |
         Sewer |    384 |    384 |      0 |     34 |    163 |   1 |  384.0 |
        Bailey |    322 |    322 |      0 |      0 |      0 |   1 |  322.0 |
      Ice Cave |    299 |    299 |      0 |      0 |     11 |   1 |  299.0 |
               +--------+--------+--------+--------+--------+-----+--------+

Top non-repeatable levels by time:
 Snake:2: 1588 daAuts
  Lair:5: 1255 daAuts
    D:11: 1218 daAuts
    D:14: 1170 daAuts
 Snake:3: 1137 daAuts
    D:10: 1012 daAuts
     D:1: 936 daAuts
  Lair:3: 923 daAuts
 Snake:4: 911 daAuts
    D:12: 828 daAuts
    D:15: 804 daAuts
 Snake:1: 798 daAuts
     D:2: 774 daAuts
   Orc:2: 761 daAuts
  Lair:4: 727 daAuts
